AoeStats
← naphtaligrauer16

Arena

510497459Analyzed
1v1 RM · 1d ago on Oct 1, 2026· 24m 59s· 2 players
Game mode
Random Map
Map size
Tiny (2 player)
Population
200
Speed
Normal
Resources
Standard
Victory
Conquest
Starting age
Dark Age
Ending age
Imperial Age
RankedLock teamsTeams togetherTeam positionsShared explorationLock speedFull tech treeHidden civsTurbo modeCheats
Victory
Defeat
🇩🇪 Malay · Germany
1495
+9
🇿🇦 Bengalis · South Africa
1325
-9
sam4liverpool
10:31 Feudal Age
9:08 Loom
14:52 Castle Age
14:38 Double-Bit Axe
14:37 Horse Collar
naphtaligrauer16
12:20 Feudal Age
15:23 Castle Age
13:14 Double-Bit Axe
13:20 Horse Collar
13:40 Loom
16:07 Wheelbarrow
16:43 Bow Saw
17:41 Forging
20:59 Gold Mining
Connection lost

Rejoining the realm…

Still unreachable

The connection could not be restored.

Session expired

The server has moved on; the page needs a fresh start.